 Dungeon Crawl Stone Soup version 0.26-a0-651-gb41185065b (webtiles) character file.

Game seed: 1364624792351116848

53 gbos the Insei (level 3, -2/26 HPs)
             Began as an Octopode Monk on Oct 28, 2020.
             Slain by an ice beast (14 damage)
             ... on level 2 of the Dungeon.
             The game lasted 00:00:40 (1042 turns).

gbos the Insei (Octopode Monk)                      Turns: 1042, Time: 00:00:41

Health: -2/26      AC:  1    Str: 10    XL:     3   Next: 87%
Magic:  3/3        EV: 14    Int: 13    God:
Gold:   48         SH:  0    Dex: 14    Spells: 2/2 levels left

rFire    . . .     SeeInvis .     - Unarmed
rCold    . . .     Faith    .   (no shield)
rNeg     . . .     Spirit   .   (helmet restricted)
rPois    .         Reflect  .   (no amulet)
rElec    .         Harm     .   (no ring)
rCorr    .         Rampage  .   (no ring)
MR       .....                  (no ring)
Stlth    +++.......             (no ring)
HPRegen  0.08/turn              (no ring)
MPRegen  0.08/turn              (no ring)
                                (no ring)
                                (no ring)

@: no status effects
A: almost no armour, stealthy swim, amphibious, 8 rings, constrict 8, camouflage
1, gelatinous body 1
a: no special abilities


You were on level 2 of the Dungeon.
You visited 1 branch of the dungeon, and saw 2 of its levels.

You collected 48 gold pieces.


Innate Abilities, Weirdness & Mutations

You cannot wear most types of armour.
You are very stealthy in the water. (Stealth+)
You are amphibious.
You can wear up to eight rings at the same time.
You can use your tentacles to constrict eight enemies at once.
Your skin changes colour to match your surroundings (Stealth+).
Your rubbery body absorbs attacks. (AC +1, EV +1)


   Skills:
 + Level 3.3 Fighting
 + Level 3.3 Dodging
 + Level 3.5 Stealth
 * Level 3.7 Unarmed Combat


You had 2 spell levels left.
You didn't know any spells.
Your spell library was empty.

Inventory:

Jewellery
 d - an uncursed ring of protection from magic {unknown}
Scrolls
 a - 3 scrolls of identify {unknown}
 b - a scroll of fear {unknown}
 e - 2 scrolls of amnesia {unknown}
 h - a scroll of remove curse {unknown}
Potions
 c - a potion of haste {unknown}
 f - a potion of might {unknown}
 g - a potion of resistance {unknown}

Dungeon Overview and Level Annotations

Branches:
Dungeon (2/15)

Altars:

..........▒ ▒.▒
.▒▒▒▒▒▒▒▒.▒ ▒.▒ .▒
▒.▒ ▒.▒
.▒▒▒▒▒▒▒▒.▒▒▒▒.▒▒▒▒
............<.....▒
.▒▒▒▒▒▒▒▒.▒▒▒▒.▒▒.▒▒
.▒▒▒▒▒▒▒▒)▒
▒.▒...▒▒▒.▒
..........▒
▒.†.......▒
▒▒▒▒▒▒▒▒▒▒▒
▒▒▒x..▒▒▒. ......
▒▒Y▒▒ ▒▒▒▒▒. .▒ ..
▒▒▒


You could see an ice beast.


Message History

You squeeze the adder.
You kill the adder!
An ice beast is nearby!
You see here an adder corpse.
An ice beast is nearby!
An ice beast is nearby!
The ice beast hits you. The ice beast freezes you!
An ice beast is nearby!
You barely miss the ice beast. The ice beast barely misses you.
An ice beast is nearby!
You tentacle-slap the ice beast.
The ice beast is lightly wounded.
The ice beast closely misses you.
You closely miss the ice beast.
The ice beast is lightly wounded.
The ice beast misses you.
An ice beast is nearby!
You tentacle-slap the ice beast.
The ice beast is lightly wounded.
The ice beast misses you.
You tentacle-slap the ice beast. Your squeeze misses the ice beast.
The ice beast is lightly wounded.
The ice beast hits you.
* * * LOW HITPOINT WARNING * * *
The ice beast freezes you!
Ouch! That really hurt!
You die...

Action                   || total
-------------------------++-------
Melee: Unarmed           ||    51
       Constrict         ||    14
       Tentacles         ||     9
       Punch             ||     1
 Stab: Sleeping          ||     9
Armor: Skin              ||     1
Dodge: Dodged            ||    30

Levels and vault maps discovered:
D:1:      dpeg_arrival_solitude, layout_basic
D:2:      layout_loops_ring, lemuel_coloured_pillars_altar

Notes
Turn   | Place    | Note
-------+----------+-------------------------------------------
     0 | D:1      | gbos the Octopode Monk began the quest for the Orb.
     0 | D:1      | Reached XP level 1. HP: 16/16 MP: 1/1
   199 | D:1      | Reached XP level 2. HP: 19/21 MP: 2/2
   227 | D:1      | Reached skill level 3 in Stealth
   269 | D:1      | HP: 3/21 [gnoll/+0 club (7)]
   270 | D:1      | Reached XP level 3. HP: 4/26 MP: 3/3
  1034 | D:2      | Noticed an ice beast
  1042 | D:2      | Slain by an ice beast

Vanquished Creatures
  A gnoll (D:1)
  An adder (D:2)
  An ooze (D:1)
  A worm (D:2)
  A leopard gecko (D:1)
  3 goblins (D:1)
  5 hobgoblins (D:1)
  5 kobolds (D:1)
  A ball python (D:1)
  A bat (D:2)
  3 frilled lizards
  4 rats (D:1)
27 creatures vanquished.
